 Seeded DCSS version 0.28-a0-1184-g53156a8862 (webtiles) character file.

Game seed: 12130800008223909736 (custom seed)

152565 croobank the Cleaver (level 17, 0/205 HPs)
             Began as a Gnoll Cinder Acolyte on Dec 17, 2021.
             Was an Initiate of Ashenzari.
             Succumbed to a naga ritualist's toxic radiance
             ... on level 4 of the Snake Pit.
             The game lasted 05:00:39 (26454 turns).

croobank the Cleaver (Gnoll Cinder Acolyte)        Turns: 26454, Time: 05:00:39

Health: 0/205      AC: 36    Str: 20    XL:     17   Next: 58%
Magic:  26/33      EV:  2    Int: 15    God:    Ashenzari [......]
Gold:   1080       SH: 13    Dex:  6    Spells: 24/40 levels left

rFire   . . .      SeeInvis .   a - +8 war axe of Uxzaprie {spect, rPois rN++ Dex-2}
rCold   . . .      Faith    .   C - +3 kite shield {rC+}
rNeg    + + .      Spirit   .   (armour currently unavailable)
rPois   +          Reflect  .   (helmet currently unavailable)
rElec   .          Harm     .   (cloak currently unavailable)
rCorr   .          Rampage  .   (gloves currently unavailable)
Will    +....      NoTele   +   (boots currently unavailable)
Stlth   ++++......              d - amulet of regeneration
HPRegen 1.24/turn               j - ring of fire
MPRegen 0.23/turn               U - ring of the Tortoise {AC+8}

@: mighty, lethally poisoned (0 -> 0), tree-form, weakened, on berserk cooldown,
slowed, fire susceptible, very slow
A: stationary, stasis, torment immunity, boosted hp, (fangs 1), strong nose,
distributed training
a: Renounce Religion


You were on level 4 of the Snake Pit.
You worshipped Ashenzari.
Ashenzari was noncommittal.
You were a tree.
You visited 4 branches of the dungeon, and saw 27 of its levels.
You also visited: Ice Cave and Volcano.

You collected 6310 gold pieces.
You spent 5230 gold pieces at shops.

Inventory:

Hand Weapons
 a - the +8 war axe of Uxzaprie (weapon) {spect, rPois rN++ Dex-2}
   (You bought it in a shop on level 6 of the Dungeon)

   When its wielder attacks, the weapon's spirit leaps out and strikes again.
   The spirit shares a part of any damage it takes with its wielder.
   Dex:       It affects your dexterity (-2).
   rPois:     It protects you from poison.
   rN:        It greatly protects you from negative energy.
 b - a +2 demon trident of flaming
 o - a +4 shortbow of flaming
 G - a +6 long sword of flaming
Missiles
 e - 2 atropa-tipped darts
 h - 5 curare-tipped darts (quivered)
 v - 372 arrows
Armour
 i - a scarf of resistance (melded)
 u - a +4 troll leather armour (melded) {Pargi}
 x - the +1 leather armour of Resonance {rF+ Will+}
   (You found it on level 5 of the Lair of Beasts)

   rF:        It protects you from fire.
   Will:      It increases your willpower.
 y - a +2 buckler of protection
 C - a +3 kite shield of cold resistance (worn)
 D - the +1 swamp dragon scales of the Orb {rElec rPois rN+}
   (You bought it in a shop on level 2 of the Orcish Mines)

   rElec:     It insulates you from electricity.
   rPois:     It protects you from poison.
   rN:        It protects you from negative energy.
 H - +0 acid dragon scales
 Q - +0 ice dragon scales
 Y - a +2 pair of gloves (melded)
 Z - a +2 pair of boots of rampaging (melded)
Jewellery
 d - an amulet of regeneration (around neck)
 j - a ring of fire (left branch)
 l - a ring of willpower
 s - a +4 ring of evasion
 P - a ring of see invisible
 T - the ring "Yrusy" {rN+ Will+}
   (You bought it in a shop on level 2 of the Orcish Mines)

   [ring of willpower]

   rN:        It protects you from negative energy.
   Will:      It increases your willpower.
 U - the ring of the Tortoise (right branch) {AC+8}
   (You bought it in a shop on level 6 of the Dungeon)

   [ring of protection]

   AC:        It affects your AC (+8).
Wands
 w - a wand of polymorph (17)
 A - a wand of iceblast (10)
 F - a wand of paralysis (14)
 J - a wand of flame (14)
 S - a wand of mindburst (2)
Scrolls
 c - a scroll of blinking
 f - 16 scrolls of identify {identify}
 q - 5 scrolls of immolation {immolation, unknown}
 r - a scroll of summoning
 z - 3 scrolls of fog {fog}
 B - 2 scrolls of brand weapon {brand weapon, unknown}
 E - 2 scrolls of holy word {holy word}
 L - a scroll of silence {silence}
 R - 3 scrolls of teleportation
 X - 4 scrolls of magic mapping {magic mapping}
Potions
 g - 5 potions of flight {flight}
 k - 2 potions of resistance {resistance, unknown}
 m - a potion of haste {haste, unknown}
 n - a potion of berserk rage {berzerk rage}
 p - 2 potions of invisibility {invisibility}
 I - 5 potions of mutation {mutation, unknown}
 K - 2 potions of magic {magic, unknown}
 M - 2 potions of might {might}
 N - a potion of brilliance {brilliance, unknown}
 O - 11 potions of curing {curing}
 V - 4 potions of cancellation {cancellation, unknown}
 W - 4 potions of lignification {lignification}


   Skills:
 + Level 13.4 Fighting
 + Level 11.8 Short Blades
 + Level 11.8 Long Blades
 + Level 13.4 Axes
 + Level 11.8 Maces & Flails
 + Level 11.8 Polearms
 + Level 11.8 Staves
 + Level 11.8 Slings
 + Level 11.8 Bows
 + Level 11.8 Crossbows
 + Level 11.8 Throwing
 + Level 11.8 Armour
 + Level 11.8 Dodging
 + Level 11.8 Stealth
 + Level 11.8 Shields
 + Level 11.8 Unarmed Combat
 + Level 12.1 Spellcasting
 + Level 10.0 Conjurations
 + Level 10.0 Hexes
 + Level 10.0 Summonings
 + Level 10.0 Necromancy
 + Level 10.0 Translocations
 + Level 10.0 Transmutations
 + Level 11.4 Fire Magic
 + Level 10.0 Ice Magic
 + Level 10.0 Air Magic
 + Level 10.0 Earth Magic
 + Level 10.0 Poison Magic
 + Level 12.8 Invocations
 + Level 11.8 Evocations


You had 24 spell levels left.
You knew the following spells:

 Your Spells              Type           Power      Damage    Failure   Level
a - Scorch                Fire           100%       2d10      1%          2
b - Statue Form           Tmut/Erth      26%        N/A       28%         6
c - Mephitic Cloud        Conj/Pois/Air  39%        N/A       1%          3
d - Silence               Hex/Air        19%        N/A       5%          5

Your spell library contained the following spells:

 Spells                   Type           Power      Damage    Failure   Level
 Animate Skeleton         Necr           78%        N/A       1%          1
 Apportation              Tloc           78%        N/A       1%          1
 Beastly Appendage        Tmut           78%        N/A       1%          1
 Magic Dart               Conj           100%       1d8       1%          1
 Pain                     Necr           100%       1d9       1%          1
 Shock                    Conj/Air       100%       1d9       1%          1
 Summon Small Mammal      Summ           100%       N/A       1%          1
 Call Imp                 Summ           39%        N/A       1%          2
 Corpse Rot               Necr/Air       78%        N/A       1%          2
 Poisonous Vapours        Pois/Air       78%        N/A       1%          2
 Wereblood                Tmut           39%        N/A       1%          2
 Conjure Flame            Conj/Fire      58%        6-21      1%          3
 Gell's Gravitas          Tloc           39%        N/A       1%          3
 Lesser Beckoning         Tloc           39%        N/A       1%          3
 Spider Form              Tmut/Pois      39%        N/A       1%          3
 Teleport Other           Tloc           39%        N/A       1%          3
 Vampiric Draining        Necr           39%        2d8       1%          3
 Petrify                  Tmut/Erth      39%        N/A       1%          4
 Fireball                 Conj/Fire      29%        3d13      3%          5
 Alistair's Intoxication  Tmut/Pois      26%        N/A       5%          5
 Iskenderun's Battlesphe  Conj           39%        2d9       5%          5
 Metabolic Englaciation   Hex/Ice        19%        N/A       5%          5
 Conjure Ball Lightning   Conj/Air       19%        3x3d6     28%         6
 Orb of Destruction       Conj           19%        9d9       85%         7


Dungeon Overview and Level Annotations

Branches:
Dungeon (15/15)            Temple (0/1) D:4            Lair (6/6) D:10
  Swamp (0/4) Lair:3        Snake (3/4) Lair:4        Slime (0/5) Lair:6
    Orc (2/2) D:11            Elf (0/3) Orc:2        Vaults (0/5) D:14
 Depths (0/4) D:15          IceCv (visited)         Volcano (visited)

Altars:
Ashenzari
Elyvilon
Ru
Sif Muna
Yredelemnul
Beogh
Jiyva

Shops:
D:6 =*[(   D:7 **(   D:9 *   D:12 !   Orc:2 =![[   Snake:3 [(*

Annotations:
Lair:1 exclusion: oklob plant
Lair:6 3 runed translucent doors, ReploidZero's ghost, journeyman DjCj
Orc:1 exclusion: oklob plant


Innate Abilities, Weirdness & Mutations

You are a tree.
Your roots penetrate the ground, keeping you stationary.
You cannot be teleported.
You are immune to unholy pain and torment.
Your maximum health is greatly increased.
Your equipment is partially melded.
((You have very sharp teeth.))
Your uncanny sense of smell can sniff out nearby items.
Your experience applies equally to all skills.


Message History

The naga sharpshooter magically shoots an arrow.
The arrow hits you but does no damage.
The nagaraja hits your +8 war axe of Uxzaprie {spect, rPois rN++ Dex-2} with a +0 club!!
Your spectral weapon shares its damage with you!
* * * LOW HITPOINT WARNING * * *
You hit the naga sharpshooter.
The naga sharpshooter is moderately wounded.
Your +8 war axe of Uxzaprie {spect, rPois rN++ Dex-2} hits the naga sharpshooter!
Your +8 war axe of Uxzaprie {spect, rPois rN++ Dex-2} hits the nagaraja!
You feel sick.
The nagaraja hits your +8 war axe of Uxzaprie {spect, rPois rN++ Dex-2} with a +0 club!
Your spectral weapon shares its damage with you!
Your +8 war axe of Uxzaprie {spect, rPois rN++ Dex-2} fades away.
* * * LOW HITPOINT WARNING * * *
You block the naga ritualist's attack.
The salamander tyrant gazes fiercely through you!
You feel your attacks grow feeble.
You completely miss the naga sharpshooter.
The naga sharpshooter is heavily wounded.
Your +8 war axe of Uxzaprie {spect, rPois rN++ Dex-2} closely misses the naga sharpshooter.
Your +8 war axe of Uxzaprie {spect, rPois rN++ Dex-2} hits the nagaraja!
You feel sick.
The naga sharpshooter shoots an arrow.
The arrow hits you but does no damage.
The naga sharpshooter unwields a +0 scimitar.
The naga sharpshooter wields a +0 arbalest.
The naga sharpshooter gestures wildly while chanting.
The naga sharpshooter magically shoots a bolt.
You block the bolt.
The nagaraja hits your +8 war axe of Uxzaprie {spect, rPois rN++ Dex-2} with a +0 club!
Your spectral weapon shares its damage with you!
* * * LOW HITPOINT WARNING * * *
Okay, then.
You closely miss the naga sharpshooter.
The naga sharpshooter is heavily wounded.
Your +8 war axe of Uxzaprie {spect, rPois rN++ Dex-2} hits the naga sharpshooter!!
Your +8 war axe of Uxzaprie {spect, rPois rN++ Dex-2} hits the nagaraja!
You are no longer berserk.
You are exhausted.
You feel yourself slow down.
You die...

#### #..###
#)...# #♣().##
##NN..#
#§NN..#
#.N.N..#
#...N....#
...#......#
........N..#
N......[..#..#
.(..!.S..##..#


You could see a naga warrior, a nagaraja (fast, strong), 2 naga sharpshooters, a
salamander tyrant (strong), a naga ritualist (strong), a naga (strong) and a
friendly +8 war axe of Uxzaprie {spect, rPois rN++ Dex-2} (summoned).

Vanquished Creatures
  Jorgrun (D:14)
  Rupert (D:14)
  A frost giant (D:15)
  Louise (D:14)
  A red draconian (Volcano)
  Azrael (D:14)
  Snorg (D:14)
  9 naga warriors
  5 boulder beetles
  9 hydras
  6 centaur warriors
  A catoblepas (Lair:6)
  A merfolk avatar (Lair:6)
  5 anacondas
  3 two-headed ogres
  2 dancing weapons (D:14)
  4 death yaks
  5 shock serpents
  6 tengu warriors (D:15)
  7 orc high priests (Orc:2)
  5 naga sharpshooters
  Nergalle (Lair:2)
  3 salamander mystics
  5 skeletal warriors (D:13)
  A deep elf pyromancer (D:11)
  4 wizards
  Pikel (D:8)
  3 naga ritualists
  2 harpies (Lair:6)
  7 mana vipers
  2 orc knights
  A mana viper (shapeshifter) (D:13)
  16 ugly things
  2 orc sorcerers (Orc:1)
  8 salamanders
  6 elephants
  6 cyclopes
  8 manticores
  Maurice (D:12)
  28 black mambas
  A torpor snail (Lair:6)
  17 naga magi
  4 guardian serpents
  Joseph (D:10)
  3 gargoyles
  Maggie (D:7)
  11 cane toads
  A kobold demonologist (D:12)
  15 komodo dragons
  3 unseen horrors
  7 ice devils (IceCv)
  5 tengu conjurers
  7 rime drakes
  An anaconda simulacrum (IceCv)
  7 freezing wraiths
  11 trolls
  An entropy weaver simulacrum (IceCv)
  A wind drake (Lair:6)
  6 polar bears
  6 slime creatures
  15 blink frogs
  2 hornets
  2 snapping turtles (Lair:6)
  A centaur simulacrum (D:15)
  Sigmund (D:5)
  A shadow (D:11)
  2 dire elephant simulacra (IceCv)
  Eustachio (D:6)
  60 yaks
  A tarantella (shapeshifter) (D:14)
  2 hogs (shapeshifter)
  8 wyverns
  7 basilisks
  2 wraiths (D:11)
  9 fire elementals
  17 vampire mosquitoes
  8 steam dragons
  33 nagas
  3 death yak simulacra (IceCv)
  A two-headed ogre zombie (D:11)
  8 wargs
  2 harpy simulacra (IceCv)
  An acid dragon (D:13)
  Pargi (D:3)
  9 water moccasins
  An ice beast (D:7)
  12 orc warriors
  4 sky beasts
  6 black bears
  A necrophage (D:6)
  4 ogres
  7 centaurs
  22 wolves
  A lemure (D:8)
  A phantom (D:11)
  3 kobold brigands (D:12)
  7 bullfrogs
  A wyvern zombie (D:8)
  3 cane toad simulacra (IceCv)
  A gnoll sergeant (D:7)
  A troll zombie (D:11)
  A killer bee (D:11)
  4 elephant simulacra (IceCv)
  3 wights (D:7)
  2 howler monkeys
  3 centaur zombies
  4 hounds
  2 jellies (D:6)
  A bullfrog skeleton (D:6)
  31 orc priests
  4 gnoll shamans
  Jessica (D:3)
  An iguana (D:6)
  11 orc wizards
  2 polar bear simulacra (IceCv)
  A spriggan simulacrum (IceCv)
  3 wolf simulacra (IceCv)
  6 ogre zombies (D:11)
  A hound zombie (D:5)
  A howler monkey zombie (D:9)
  A howler monkey skeleton (D:7)
  32 gnolls
  4 naga simulacra (IceCv)
  4 adders
  A shadow imp (D:5)
  2 white imps
  An ufetubus (D:5)
  An adder zombie (D:5)
  2 worms
  4 dart slugs
  57 orcs
  3 endoplasms (D:1)
  2 giant cockroaches
  5 goblins
  6 hobgoblins
  3 quokkas
  2 ball pythons (D:2)
  3 bats
  2 frilled lizards
  A goblin zombie (D:11)
  3 hobgoblin zombies (D:11)
  8 kobolds
  An orc skeleton (D:11)
  20 orc zombies (D:11)
  3 rats
814 creatures vanquished.

Vanquished Creatures (collateral kills)
  2 death yaks (Lair:3)
2 creatures vanquished.

Vanquished Creatures (others)
  An orc high priest (Orc:2)
  An unseen horror (D:11)
  A yak (D:9)
  24 foxfires
  69 fungi
  110 plants
206 creatures vanquished.

Grand Total: 1022 creatures vanquished

Notes
Turn   | Place    | Note
-------+----------+-------------------------------------------
     0 | D:1      | croobank the Gnoll Cinder Acolyte began the quest for the
                  | Orb.
     0 | D:1      | Reached XP level 1. HP: 23/23 MP: 4/4
   181 | D:1      | Reached XP level 2. HP: 29/29 MP: 5/5
   195 | D:1      | Learned a level 2 spell: Scorch
  1016 | D:2      | Reached XP level 3. HP: 35/35 MP: 7/7
  1277 | D:2      | Reached skill level 1 in Invocations
  1690 | D:3      | Noticed Pargi
  1710 | D:3      | Killed Pargi
  1711 | D:3      | Reached skill level 1 in Short Blades
  1711 | D:3      | Reached skill level 1 in Long Blades
  1711 | D:3      | Reached skill level 1 in Maces & Flails
  1711 | D:3      | Reached skill level 1 in Polearms
  1711 | D:3      | Reached skill level 1 in Staves
  1711 | D:3      | Reached skill level 1 in Slings
  1711 | D:3      | Reached skill level 1 in Bows
  1711 | D:3      | Reached skill level 1 in Crossbows
  1711 | D:3      | Reached skill level 1 in Throwing
  1711 | D:3      | Reached skill level 1 in Armour
  1711 | D:3      | Reached skill level 1 in Dodging
  1711 | D:3      | Reached skill level 1 in Stealth
  1711 | D:3      | Reached skill level 1 in Shields
  1711 | D:3      | Reached skill level 1 in Unarmed Combat
  1711 | D:3      | Reached skill level 1 in Conjurations
  1711 | D:3      | Reached skill level 1 in Hexes
  1711 | D:3      | Reached skill level 1 in Summonings
  1711 | D:3      | Reached skill level 1 in Necromancy
  1711 | D:3      | Reached skill level 1 in Translocations
  1711 | D:3      | Reached skill level 1 in Transmutations
  1711 | D:3      | Reached skill level 1 in Ice Magic
  1711 | D:3      | Reached skill level 1 in Air Magic
  1711 | D:3      | Reached skill level 1 in Earth Magic
  1711 | D:3      | Reached skill level 1 in Poison Magic
  1711 | D:3      | Reached skill level 1 in Evocations
  1711 | D:3      | Reached XP level 4. HP: 26/41 MP: 8/8
  1711 | D:3      | Reached XP level 5. HP: 30/47 MP: 9/9
  2276 | D:3      | Noticed Jessica
  2278 | D:3      | Killed Jessica
  2710 | D:4      | Found a staircase to the Ecumenical Temple.
  2735 | D:4      | Noticed a black bear
  2741 | D:4      | Killed a black bear
  2742 | D:4      | Reached XP level 6. HP: 53/53 MP: 1/11
  2949 | D:4      | Found a white marble altar of Elyvilon.
  3432 | D:5      | Entered Level 5 of the Dungeon
  3670 | D:5      | Noticed a sky beast
  3688 | D:5      | Killed a sky beast
  3689 | D:5      | Reached XP level 7. HP: 60/60 MP: 6/12
  3877 | D:5      | Noticed Sigmund
  3884 | D:5      | Killed Sigmund
  4107 | D:6      | Found Ygyota's Weapon Shop.
  4115 | D:6      | Identified 4 scrolls of acquirement {acquirement}
  4115 | D:6      | Acquired 774 gold pieces
  4117 | D:6      | Bought the +8 war axe of Uxzaprie {spect, rPois rN++ Dex-2}
                  | for 993 gold pieces
  4132 | D:6      | Found Hicsephi's Antique Armour Boutique.
  4194 | D:6      | Found Leclugu's Jewellery Shop.
  4219 | D:7      | Noticed Maggie
  4224 | D:7      | Paralysed by Maggie for 4 turns
  4231 | D:7      | Killed Maggie
  4232 | D:7      | Reached XP level 8. HP: 64/67 MP: 14/14
  4307 | D:7      | Found Mijiuple's Assorted Antiques.
  4342 | D:7      | Reached skill level 5 in Short Blades
  4342 | D:7      | Reached skill level 5 in Long Blades
  4342 | D:7      | Reached skill level 5 in Maces & Flails
  4342 | D:7      | Reached skill level 5 in Polearms
  4342 | D:7      | Reached skill level 5 in Staves
  4342 | D:7      | Reached skill level 5 in Slings
  4342 | D:7      | Reached skill level 5 in Bows
  4342 | D:7      | Reached skill level 5 in Crossbows
  4342 | D:7      | Reached skill level 5 in Throwing
  4342 | D:7      | Reached skill level 5 in Armour
  4342 | D:7      | Reached skill level 5 in Dodging
  4342 | D:7      | Reached skill level 5 in Stealth
  4342 | D:7      | Reached skill level 5 in Shields
  4342 | D:7      | Reached skill level 5 in Unarmed Combat
  4342 | D:7      | Reached skill level 5 in Evocations
  4342 | D:7      | Reached XP level 9. HP: 75/75 MP: 14/18
  4646 | D:7      | Found Hobu's Weapon Emporium.
  4776 | D:6      | Noticed Eustachio
  4777 | D:6      | Reached XP level 10. HP: 82/82 MP: 19/19
  4824 | D:6      | Killed Eustachio
  4940 | D:6      | Found Wetiomp's General Store.
  4994 | D:6      | Bought a ring of see invisible for 165 gold pieces
  5182 | D:7      | Found Sostroc's General Store.
  5513 | D:8      | Found a sacrificial altar of Ru.
  5520 | D:8      | Noticed Pikel
  5529 | D:8      | Reached skill level 5 in Conjurations
  5529 | D:8      | Reached skill level 5 in Hexes
  5529 | D:8      | Reached skill level 5 in Summonings
  5529 | D:8      | Reached skill level 5 in Necromancy
  5529 | D:8      | Reached skill level 5 in Translocations
  5529 | D:8      | Reached skill level 5 in Transmutations
  5529 | D:8      | Reached skill level 5 in Ice Magic
  5529 | D:8      | Reached skill level 5 in Air Magic
  5529 | D:8      | Reached skill level 5 in Earth Magic
  5529 | D:8      | Reached skill level 5 in Poison Magic
  5532 | D:8      | Killed Pikel
  5791 | D:8      | Found a shimmering blue altar of Sif Muna.
  6179 | D:8      | Reached XP level 11. HP: 77/89 MP: 21/21
  6291 | D:7      | Bought a scroll of enchant weapon for 82 gold pieces
  6367 | D:10     | Entered Level 10 of the Dungeon
  6692 | D:9      | Found Yqudeimu's Neck Hole.
  6714 | D:9      | Acquired 523 gold pieces
  6716 | D:9      | Bought a scarf of resistance for 512 gold pieces
  7075 | D:10     | Found a staircase to the Lair.
  7331 | D:10     | Found a basalt altar of Yredelemnul.
  7390 | D:10     | Noticed Joseph
  7403 | D:10     | Killed Joseph
  7571 | D:10     | Acquired 765 gold pieces
  7572 | D:10     | Acquired 480 gold pieces
  7654 | D:6      | Bought a ring of willpower for 275 gold pieces
  7734 | Lair:1   | Entered Level 1 of the Lair of Beasts
  7826 | Lair:1   | Noticed a five-headed hydra
  7854 | Lair:1   | Killed a one-headed hydra
  7914 | Lair:1   | Reached XP level 12. HP: 97/97 MP: 23/23
  8495 | Lair:2   | Reached skill level 10 in Fighting
  8495 | Lair:2   | Reached skill level 10 in Axes
  8898 | Lair:2   | Noticed Nergalle
  8911 | Lair:2   | Killed Nergalle
  9672 | Lair:3   | Reached XP level 13. HP: 86/104 MP: 25/25
  9890 | Lair:3   | Found a staircase to the Swamp.
 10479 | Lair:4   | Found a staircase to the Snake Pit.
 11442 | D:6      | Bought the ring of the Tortoise {AC+8} for 1408 gold pieces
 11442 | D:6      | Found the ring of the Tortoise {AC+8}
 11691 | Lair:5   | Found a dark tunnel.
 11701 | Volcano  | Entered a volcano
 11721 | Volcano  | Found a burning altar of Makhleb.
 11722 | Volcano  | Noticed a red draconian
 11768 | Volcano  | Killed a red draconian
 12311 | Lair:5   | Reached XP level 14. HP: 78/113 MP: 27/27
 12539 | Lair:5   | Identified the +1 leather armour of Resonance {rF+ Will+}
 12679 | Lair:6   | Entered Level 6 of the Lair of Beasts
 12703 | Lair:6   | Noticed ReploidZero's ghost (journeyman DjCj)
 12707 | Lair:6   | Found a runed translucent gate.
 12707 | Lair:6   | Found a runed translucent gate.
 12709 | Lair:6   | Found a runed translucent gate.
 12808 | Lair:6   | Reached skill level 10 in Invocations
 13686 | Lair:6   | Found a staircase to the Slime Pits.
 13687 | Lair:6   | Found a viscous altar of Jiyva.
 14199 | D:11     | Learned a level 6 spell: Statue Form
 14243 | D:11     | Reached skill level 10 in Spellcasting
 14359 | D:11     | Found a staircase to the Orcish Mines.
 14879 | D:11     | Reached XP level 15. HP: 81/120 MP: 29/29
 14998 | Orc:1    | Entered Level 1 of the Orcish Mines
 15140 | Orc:2    | Entered Level 2 of the Orcish Mines
 15241 | Orc:2    | Found a staircase to the Elven Halls.
 15661 | Orc:2    | Reached skill level 10 in Fire Magic
 15929 | Orc:2    | Reached skill level 10 in Short Blades
 15929 | Orc:2    | Reached skill level 10 in Long Blades
 15929 | Orc:2    | Reached skill level 10 in Maces & Flails
 15929 | Orc:2    | Reached skill level 10 in Polearms
 15929 | Orc:2    | Reached skill level 10 in Staves
 15929 | Orc:2    | Reached skill level 10 in Slings
 15929 | Orc:2    | Reached skill level 10 in Bows
 15929 | Orc:2    | Reached skill level 10 in Crossbows
 15929 | Orc:2    | Reached skill level 10 in Throwing
 15929 | Orc:2    | Reached skill level 10 in Armour
 15929 | Orc:2    | Reached skill level 10 in Dodging
 15929 | Orc:2    | Reached skill level 10 in Stealth
 15929 | Orc:2    | Reached skill level 10 in Shields
 15929 | Orc:2    | Reached skill level 10 in Unarmed Combat
 15929 | Orc:2    | Reached skill level 10 in Evocations
 16055 | Orc:2    | Found Bomohov's Antique Armour Shop.
 16055 | Orc:2    | Found Etuas's Armour Shoppe.
 16123 | Orc:2    | Found Cashrasut's Jewellery Shop.
 16123 | Orc:2    | Found Teoxti's Distillery.
 16564 | Orc:2    | Acquired 1248 gold pieces
 16642 | Orc:2    | Upgraded the game from 0.28-a0-1182-g381e24db82 to
                  | 0.28-a0-1184-g53156a8862
 16642 | Orc:2    | Bought the ring "Yrusy" {rN+ Will+} for 543 gold pieces
 17231 | D:11     | Got Koroz's Papyrus of Combed Thunderclap
 17244 | D:11     | Got the Incunabulum of Sand
 17257 | D:11     | Got the Papyrus of Dhcmrlchtdj
 17486 | D:6      | Bought a +2 buckler of protection for 301 gold pieces
 17625 | D:12     | Found a frozen archway.
 17639 | IceCv    | Entered an ice cave
 17858 | IceCv    | Found an ancient bone altar of Kikubaaqudgha.
 18519 | D:12     | Found Vein's Distillery.
 18684 | D:12     | Noticed Maurice
 18687 | D:12     | Killed Maurice
 19704 | D:13     | Reached XP level 16. HP: 102/129 MP: 31/31
 20208 | D:14     | Noticed Louise
 20219 | D:14     | Noticed Snorg
 20234 | D:14     | Killed Snorg
 20246 | D:14     | Killed Louise
 20651 | D:14     | Found a white marble altar of Elyvilon.
 20696 | D:14     | Noticed Rupert
 20698 | D:14     | Noticed Jorgrun
 20709 | D:14     | Killed Jorgrun
 20715 | D:14     | Killed Rupert
 20768 | D:14     | Noticed Azrael
 20777 | D:14     | Killed Azrael
 20796 | D:14     | Found a gate to the Vaults.
 20841 | D:14     | Learned a level 3 spell: Mephitic Cloud
 21252 | D:15     | Entered Level 15 of the Dungeon
 21730 | D:15     | Learned a level 5 spell: Silence
 21903 | D:15     | Found a staircase to the Depths.
 22659 | Orc:2    | Bought the +1 swamp dragon scales of the Orb {rElec rPois
                  | rN+} for 951 gold pieces
 22848 | Snake:1  | Entered Level 1 of the Snake Pit
 23849 | Snake:2  | Reached XP level 17. HP: 133/136 MP: 32/32
 25550 | Snake:3  | Found a broken altar of Ashenzari.
 25587 | Snake:3  | Fell from the grace of Ignis
 25587 | Snake:3  | Became a worshipper of Ashenzari the Shackled
 26379 | Snake:3  | Found Cagiss's General Store.
 26386 | Snake:3  | Found Baumawn's Weapon Shop.
 26386 | Snake:3  | Found Owutaa's Armour Emporium.
 26407 | Snake:3  | You fall into a shaft and drop 1 floor!
 26407 | Snake:4  | Entered Level 4 of the Snake Pit
 26437 | Snake:4  | Reached skill level 10 in Conjurations
 26437 | Snake:4  | Reached skill level 10 in Hexes
 26437 | Snake:4  | Reached skill level 10 in Summonings
 26437 | Snake:4  | Reached skill level 10 in Necromancy
 26437 | Snake:4  | Reached skill level 10 in Translocations
 26437 | Snake:4  | Reached skill level 10 in Transmutations
 26437 | Snake:4  | Reached skill level 10 in Ice Magic
 26437 | Snake:4  | Reached skill level 10 in Air Magic
 26437 | Snake:4  | Reached skill level 10 in Earth Magic
 26437 | Snake:4  | Reached skill level 10 in Poison Magic
 26451 | Snake:4  | HP: 9/307 [nagaraja (9)]
 26453 | Snake:4  | HP: 1/307 [nagaraja (7)]
 26454 | Snake:4  | Succumbed to a naga ritualist's toxic radiance

Illustrated notes

Levels and vault maps discovered:
D:1:      minmay_arrival_checkered_box, layout_basic, minmay_pentomino_q2
D:2:      layout_loops_cross
D:3:      layout_loops_corners, serial_bayou, serial_bayou_pond_c,
          serial_bayou_lagoon_b, serial_bayou_pond_c, serial_bayou_pond_e,
          uniq_pargi, uniq_jessica
D:4:      layout_basic, marbit_many_paths, minmay_temple_entry_enclosed_plants,
          hex_intersection
D:5:      layout_rooms, uniq_sigmund
D:6:      layout_rooms, serial_shops, shop, nicolae_diamond_shop,
          nicolae_shop_advertising_works [nicolae_subvault_shop_adworks], shop,
          chequers_serial_rivers_micro_a, uniq_eustachio
D:7:      layout_cave_pools, serial_gnoll_camp, gnoll_camp_mini_shop,
          gnoll_camp_mini_loothouse, gnoll_camp_mini_sergeant,
          gnoll_camp_mini_shop, serial_shops, kennysheep_little_box, uniq_maggie
D:8:      layout_basic, lemuel_round_altar, mainiacjoe_overflow_catwalk,
          uniq_pikel
D:9:      layout_cave_pools, nicolae_shop_sticking_my_neck_out
D:10:     layout_roguey, general_overflow_altar, due_lair_maze_entry_diamond,
          uniq_joseph
D:11:     minmay_quarter_circles, layout_small_grid, zombieorc2_lemuel,
          bh_hangedman_babel_library
D:12:     layout_stronghold, portal_ice_cave_rime, serial_shops, shop,
          enter_bailey_4, uniq_maurice
D:13:     minmay_blocking_statues, layout_rooms,
          eino_small_chamber_without_monster, nrook_mini_backslash
D:14:     layout_basic, erik_vaults_1, elyvilon_altar_5, uniq_louise,
          uniq_snorg, uniq_azrael, uniq_rupert, uniq_jorgrun
D:15:     grunt_enter_depths_snipers, layout_basic, minmay_door_square
Lair:1:   layout_loops_ring, minmay_lair_oklob_items, lemuel_old_faithful,
          serial_bayou_shore_b
Lair:2:   layout_cave_pods, beast_lair_carwin_3, uniq_nergalle
Lair:3:   layout_cave_pods, minmay_swamp_entry_swarm, st_stairs_8
Lair:4:   layout_concentric_octagons, guppyfry_snake_entry_garden
Lair:5:   layout_gridlike, nicolae_volcano_entry_lava_flow,
          chequers_serial_rivers_marsh
Lair:6:   gammafunk_lair_ancient_temple, layout_big_grid, slime_altar_1,
          gammafunk_ghost_split, chequers_serial_rivers_small_3
Snake:1:  layout_onion_interference, serial_bayou_shore_b, lemuel_fruit_tree
Snake:2:  layout_chambers
Snake:3:  layout_layer_cave, basic_altar, nicolae_snake_serpentine_bazaar
Snake:4:  snake_pit, layout_concentric_octagons, grunt_ministairs_15, drop_trap
Orc:1:    layout_caves, mines3_lemuel
Orc:2:    st_orc_town, layout_caves

Skill      XL: |  1  2  3  4  5  6  7  8  9 10 11 12 13 14 15 16 17 |
---------------+----------------------------------------------------+-----
Invocations    | 1 2 3 6 7 8 9 10 11 12 | 12.8
Short Blades   | 1 2 3 5 6 7 8 9 10 11 | 11.8
Long Blades    | 1 2 3 5 6 7 8 9 10 11 | 11.8
Maces & Flails | 1 2 3 5 6 7 8 9 10 11 | 11.8
Polearms       | 1 2 3 5 6 7 8 9 10 11 | 11.8
Staves         | 1 2 3 5 6 7 8 9 10 11 | 11.8
Slings         | 1 2 3 5 6 7 8 9 10 11 | 11.8
Bows           | 1 2 3 5 6 7 8 9 10 11 | 11.8
Crossbows      | 1 2 3 5 6 7 8 9 10 11 | 11.8
Throwing       | 1 2 3 5 6 7 8 9 10 11 | 11.8
Armour         | 1 2 3 5 6 7 8 9 10 11 | 11.8
Dodging        | 1 2 3 5 6 7 8 9 10 11 | 11.8
Stealth        | 1 2 3 5 6 7 8 9 10 11 | 11.8
Shields        | 1 2 3 5 6 7 8 9 10 11 | 11.8
Unarmed Combat | 1 2 3 5 6 7 8 9 10 11 | 11.8
Spellcasting   | 3 4 6 7 8 9 10 11 12 | 12.1
Conjurations   | 1 2 4 5 6 7 8 9 10 | 10.0
Hexes          | 1 2 4 5 6 7 8 9 10 | 10.0
Summonings     | 1 2 4 5 6 7 8 9 10 | 10.0
Necromancy     | 1 2 4 5 6 7 8 9 10 | 10.0
Translocations | 1 2 4 5 6 7 8 9 10 | 10.0
Transmutations | 1 2 4 5 6 7 8 9 10 | 10.0
Ice Magic      | 1 2 4 5 6 7 8 9 10 | 10.0
Air Magic      | 1 2 4 5 6 7 8 9 10 | 10.0
Earth Magic    | 1 2 4 5 6 7 8 9 10 | 10.0
Poison Magic   | 1 2 4 5 6 7 8 9 10 | 10.0
Evocations     | 1 2 3 5 6 7 8 9 10 11 | 11.8
Fighting       | 7 8 9 10 11 12 13 | 13.4
Axes           | 7 8 9 10 11 12 13 | 13.4
Fire Magic     | 6 7 8 9 10 11 | 11.4

Action                   |  1- 3 |  4- 6 |  7- 9 | 10-12 | 13-15 | 16-18 || total
-------------------------+-------+-------+-------+-------+-------+-------++-------
Melee: Hand axe          |    80 |    75 |     6 |       |       |       ||   161
       Bite              |     9 |     5 |     5 |    26 |    79 |    61 ||   185
       War axe           |       |       |    71 |   365 |   809 |   678 ||  1923
       Punch             |       |       |       |     9 |    19 |       ||    28
       Long sword        |       |       |       |    16 |    57 |    49 ||   122
 Fire: Shortbow          |       |       |       |       |    10 |       ||    10
       Hunting sling     |       |       |       |       |     1 |       ||     1
Throw: Dart              |       |     1 |     6 |    10 |     1 |     6 ||    24
       Stone             |       |       |       |       |     1 |       ||     1
 Cast: Scorch            |    10 |    19 |     5 |    17 |    93 |    10 ||   154
       Mephitic Cloud    |       |       |       |       |       |     1 ||     1
       Silence           |       |       |       |       |       |     6 ||     6
Invok: Fiery Armour      |     1 |     1 |       |     1 |     2 |     2 ||     7
       Foxfire Swarm     |     1 |     1 |       |       |     2 |       ||     4
       Rising Flame      |       |       |       |       |     1 |       ||     1
Evoke: Wand              |       |       |       |     2 |    17 |    11 ||    30
  Use: Scroll            |       |     5 |     3 |     8 |    13 |     6 ||    35
       Potion            |       |       |     1 |     4 |     7 |     9 ||    21
 Stab: Sleeping          |       |       |     6 |     2 |    22 |    10 ||    40
       Paralysed         |       |       |       |     5 |    10 |     5 ||    20
       Distracted        |       |       |       |     1 |    16 |    14 ||    31
       Petrified         |       |       |       |       |     2 |       ||     2
       Petrifying        |       |       |       |       |     1 |       ||     1
Armor: Robe              |     2 |       |       |       |       |       ||     2
       Leather armour    |    27 |       |       |       |     1 |       ||    28
       Troll leather arm |       |    38 |    25 |   117 |   452 |    30 ||   662
       Skin              |       |       |       |       |    27 |    18 ||    45
       Ice dragon scales |       |       |       |       |    67 |       ||    67
       Acid dragon scale |       |       |       |       |    18 |   181 ||   199
       Swamp dragon scal |       |       |       |       |       |   146 ||   146
Dodge: Dodged            |    49 |    38 |    53 |   191 |   532 |   270 ||  1133
Block: Buckler           |       |       |       |       |    56 |       ||    56
       Kite shield       |       |       |       |       |    45 |   523 ||   568

Table legend: (Time is in decaauts)
 A = Elapsed time spent in this place.
 B = Non-inter-level travel time spent in this place.
 C = Inter-level travel time spent in this place.
 D = Time resting spent in this place.
 E = Time spent auto-exploring this place.
 F = Levels seen in this place.
 G = Mean time per level.
                   A        B        C        D        E       F      G
               +--------+--------+--------+--------+--------+-----+--------+
         Total |  26506 |  24266 |   2240 |   1759 |  13248 |  29 |  914.0 |
       Dungeon |  13838 |  12462 |   1376 |    542 |   7779 |  15 |  922.5 |
          Lair |   6530 |   5926 |    604 |    525 |   3441 |   6 | 1088.3 |
     Snake Pit |   3338 |   3272 |     66 |    505 |   1166 |   4 |  834.5 |
  Orcish Mines |   1841 |   1648 |    193 |    106 |    537 |   2 |  920.5 |
      Ice Cave |    688 |    688 |      0 |     81 |    260 |   1 |  688.0 |
       Volcano |    270 |    270 |      0 |      0 |     65 |   1 |  270.0 |
               +--------+--------+--------+--------+--------+-----+--------+

Top non-repeatable levels by time:
    D:11: 1543 daAuts
  Lair:6: 1424 daAuts
 Snake:2: 1396 daAuts
  Lair:3: 1364 daAuts
   Orc:2: 1330 daAuts
 Snake:3: 1148 daAuts
    D:14: 1100 daAuts
  Lair:2: 1093 daAuts
    D:12: 1001 daAuts
    D:15: 998 daAuts
     D:1: 995 daAuts
     D:3: 959 daAuts
     D:8: 953 daAuts
  Lair:5: 948 daAuts
    D:10: 941 daAuts
